 Dungeon Crawl Stone Soup version 0.32-a0-953-g508020473e (webtiles) character file.

Game seed: 6863465258908248159

28429 RBrandon the Fiendish (level 13, 0/117 HPs)
             Began as a Mountain Dwarf Fighter on Apr 17, 2024.
             Was a Priest of Makhleb.
             Slain by a seven-headed hydra (2 damage)
             ... on level 4 of the Lair of Beasts.
             The game lasted 00:34:46 (13953 turns).

RBrandon the Fiendish (Mountain Dwarf Fighter)     Turns: 13953, Time: 00:34:46

Health: 0/117      AC: 16    Str: 26    XL:     13   Next: 9%
Magic:  25/25      EV:  8    Int: 13    God:    Makhleb [***...]
Gold:   1027       SH:  4    Dex:  9    Spells: 10/14 levels left

rFire   . . .        c - +3 greatsling "Punk" {acid, rCorr}
rCold   + + +        K - +0 buckler {rC+}
rNeg    . . .        y - +2 chain mail {rC+}
rPois   .            q - +1 hat
rElec   .            i - +0 cloak
rCorr   +            (no gloves)
SInv    .            (no boots)
Will    +....        (no amulet) Stlth
                     j - +6 ring of strength
HPRegen 0.39/turn    E - ring of protection from cold
MPRegen 0.19/turn

%: no passive effects
@: hasted, very quick
A: runic magic, artefact enchanting
a: Renounce Religion, Minor Destruction, Lesser Servant of Makhleb


You were on level 4 of the Lair of Beasts.
You worshipped Makhleb.
Makhleb was most pleased with you.
You visited 2 branches of the dungeon, and saw 12 of its levels.
You also visited: Ossuary and Ice Cave.

You collected 1027 gold pieces.

Inventory:

Hand Weapons
 a - a +1 war axe
 c - the +3 greatsling "Punk" (weapon) {acid, rCorr}
   (You found it in an ice cave)

   rCorr:     It protects you from acid and corrosion.
Missiles
 J - 5 curare-tipped darts
Armour
 e - a +2 animal skin
 i - a +0 cloak (worn)
 q - a +1 hat (worn)
 y - a +2 chain mail of cold resistance (worn)
   (You took it off Ijyb on level 5 of the Dungeon)
 K - a +0 buckler of cold resistance (worn)
   (You found it in an ice cave)
 N - an orb of energy
   (You found it on level 4 of the Lair of Beasts)
Magical Staves
 d - the staff of Duty {^Fragile rElec Stlth+ Necro Air}
   (You found it in an ice cave)

   [staff of air]

   Base accuracy: +5 Base damage: 5 Base attack delay: 1.2 This weapon's minimum
   attack delay (0.6) is reached at skill level 12.
   rElec:     It insulates you from electricity.
   ^Fragile:  It will be destroyed if unequipped.
   Stlth+:    It makes you more stealthy.
   Necro:     It increases the power of your Necromancy spells.
   Air:       It increases the power of your Air spells.
   It falls into the 'Staves' category.
   It is a one-handed weapon.
Jewellery
 j - a +6 ring of strength (left hand)
 E - a ring of protection from cold (right hand)
Wands
 t - a wand of flame (12)
 u - a wand of charming (13)
 x - a wand of polymorph (13)
 D - a wand of iceblast (7)
Scrolls
 o - a scroll of enchant weapon
 p - a scroll of revelation
 r - a scroll of fear
 s - a scroll of amnesia
 w - a scroll of immolation {unknown}
 z - 5 scrolls of vulnerability
 A - a scroll of fog
 C - 2 scrolls of teleportation
 F - 2 scrolls of enchant armour
 G - a scroll of silence {unknown}
 H - a scroll of brand weapon {unknown}
 I - 2 scrolls of poison
 L - a scroll of acquirement {unknown}
Potions
 b - 2 potions of might
 f - a potion of ambrosia
 g - a potion of magic
 h - 2 potions of resistance {unknown}
 k - 4 potions of curing
 l - 3 potions of attraction
 m - 4 potions of berserk rage
 n - a potion of lignification
 B - a potion of cancellation
 M - a potion of mutation {unknown}


   Skills:
 - Level 11.7 Fighting
 - Level 4.0 Axes
 + Level 6.7 Ranged Weapons
 - Level 11.5 Armour
 - Level 3.3 Shields
 - Level 1.2 Spellcasting
 - Level 6.0 Hexes
 - Level 4.5 Translocations
 - Level 16.0 Invocations


You had 10 spell levels left.
You knew the following spells:

 Your Spells              Type           Power      Damage    Failure   Level
a - Jinxbite              Hex            32%        N/A       5%          2
b - Blink                 Tloc           24%        N/A       11%         2

Your spell library contained the following spells:

 Spells                   Type           Power      Damage    Failure   Level
 Lesser Beckoning         Tloc           24%        N/A       11%         2
 Momentum Strike          Conj/Tloc      12%        3d8       26%         2
 Foxfire                  Conj/Fire      0%         2x1d4     41%         1
 Freeze                   Ice            0%         1d3       41%         1
 Dimensional Bullseye     Hex/Tloc       7%         N/A       45%         4
 Frozen Ramparts          Ice            0%         1d1       80%         3
 Fugue of the Fallen      Necr           0%         N/A       80%         3
 Hailstorm                Conj/Ice       0%         3d5       80%         3
 Ozocubu's Armour         Ice            0%         N/A       80%         3
 Summon Mana Viper        Hex/Summ       8%         N/A       98%         5
 Enfeeble                 Hex            8%         N/A       100%        7
 Manifold Assault         Tloc           6%         N/A       100%        7


Dungeon Overview and Level Annotations

Branches:
Dungeon (8/15)             Temple (0/1) D:5            Lair (4/5) D:8
 Shoals (0/4) Lair:3       Spider (0/4) Lair:3      Ossuary (visited)
  IceCv (visited)
  Slime: Lair:4-5

Altars:
Ashenzari
Dithmenos
Elyvilon
Fedhas
Kikubaaqudgha
Makhleb
Nemelex Xobeh
Okawaru
Xom
Yredelemnul
Zin
The Shining One

Shops:
D:4 (   D:6 (

Annotations:
Lair:3 exclusions: 3 doors and oklob plant


Innate Abilities, Weirdness & Mutations

Your spellcasting is much less encumbered by armour.
You can use scrolls of enchantment on lesser artefacts.


Message History

Aim: a seven-headed hydra (severely wounded, covered in acid, ally target, 81% to hit)
You shoot a sling bullet.
The sling bullet barely misses the seven-headed hydra.
The seven-headed hydra bites you.
* * * LOW HITPOINT WARNING * * *
The seven-headed hydra bites you but does no damage. x2
You block the seven-headed hydra's attack.
The seven-headed hydra bites you!
* * * LOW HITPOINT WARNING * * *
The seven-headed hydra bites you but does no damage. x2
Your hellwing hits the seven-headed hydra. x2
Your hellwing hits the komodo dragon but does no damage.
Your hellwing hits the komodo dragon.
The komodo dragon bites your hellwing but does no damage.
The cane toad stings your hellwing.
You block the seven-headed hydra's attack.
The seven-headed hydra completely misses you.
The seven-headed hydra bites you.
* * * LOW HITPOINT WARNING * * *
The seven-headed hydra bites you but does no damage.
The seven-headed hydra bites you.
* * * LOW HITPOINT WARNING * * *
The seven-headed hydra bites you but does no damage.
The seven-headed hydra closely misses you.
Okay, then.
You feel yourself speed up.
Your hellwing hits the seven-headed hydra. x2
Your hellwing hits the komodo dragon!
Your hellwing barely misses the komodo dragon.
The cane toad stings your hellwing but does no damage.
The seven-headed hydra bites you but does no damage.
The seven-headed hydra bites you!
* * * LOW HITPOINT WARNING * * *
The seven-headed hydra bites you!
* * * LOW HITPOINT WARNING * * *
The seven-headed hydra bites you but does no damage. x2
The seven-headed hydra bites you!
* * * LOW HITPOINT WARNING * * *
The seven-headed hydra bites you.
You die...

#..#......###...
..........#.#.... ## #
.###...........#.. #..#####.
####.....ß...+...ß
........###..#.........#.#..
.............††..#...#...#..
....#...##..#.##......##...
. #...##....###.###.###.#.
..$.#P.##.@### ### ##.##. .
..P. ##.###D## #### . )..
...#.l4# D. ..###4.# . .#.#
.F..# #.......?.. P.#...#.#
...(##..... ..... .#.#..


You could see a seven-headed hydra (corroded, ally target), a komodo dragon
(ally target), a cane toad and 2 friendly hellwings.

Vanquished Creatures
  Snorg (Lair:3)
  Pikel (D:5)
  A lindwurm (Lair:4)
  10 elephants
  3 black mambas
  3 ice statues (IceCv)
  Joseph (D:7)
  5 cane toads
  9 komodo dragons
  3 rime drakes
  2 anaconda simulacra (IceCv)
  A freezing wraith (IceCv)
  A troll (D:8)
  A polar bear (Lair:2)
  4 blink frogs (Lair:2)
  A wyvern (Lair:1)
  7 yaks
  4 basilisks
  A death yak simulacrum (IceCv)
  A steam dragon (D:8)
  Menkaure (D:5)
  A harpy simulacrum (IceCv)
  9 water moccasins
  Duvessa (D:5)
  A black bear (Lair:1)
  9 wolves
  A centaur (D:8)
  4 phantoms
  2 lemures
  7 bullfrogs
  2 scorpions
  4 water moccasin zombies
  Dowan (D:5)
  2 elephant simulacra (IceCv)
  2 howler monkeys
  2 electric eels (D:8)
  A centaur zombie (D:5)
  A bullfrog zombie (D:5)
  7 hounds
  2 orc priests
  A bombardier beetle (D:5)
  4 jellies
  A gnoll bouda (D:7)
  A human zombie (D:5)
  An iguana (D:6)
  A sleepcap (D:8)
  Ijyb (D:5)
  A scorpion zombie (D:5)
  3 orc wizards
  7 hell rats (Lair:1)
  2 crocodile zombies (Ossuary)
  2 mummies (Ossuary)
  A hound skeleton (D:5)
  4 gnolls (D:7)
  6 adders
  4 shadow imps
  3 adder zombies
  3 dart slugs
  3 ribbon worms
  15 orcs
  4 bats
  4 endoplasms
  3 giant cockroaches
  7 gnoll zombies (Ossuary)
  6 goblins
  6 hobgoblins
  10 jackals
  2 kobolds (D:1)
  5 quokkas
  6 ball pythons
  5 frilled lizards
  2 goblin zombies (D:6)
  A jackal zombie (Ossuary)
  3 orc zombies (Ossuary)
  7 rats
255 creatures vanquished.

Vanquished Creatures (collateral kills)
  2 skysharks (Lair:3)
  An ugly thing (IceCv)
  3 elephants
  A black mamba (Lair:2)
  A water nymph (Lair:3)
  A cane toad (Lair:1)
  A komodo dragon (Lair:3)
  2 ice devils (Lair:3)
  A hornet (D:8)
  6 blink frogs (Lair:2)
  A wyvern (Lair:1)
  7 yaks (Lair:4)
  Grum (Lair:1)
  2 water moccasins
  An orc warrior (D:7)
  A sky beast (D:7)
  3 wolves (Lair:1)
  5 bullfrogs
  A weeping skull (Ossuary)
  3 water moccasin zombies (Ossuary)
  2 elephant simulacra (IceCv)
  A hound (D:7)
  2 jellies (Lair:4)
  A spectral scorpion (Ossuary)
  2 orc priests (D:7)
  An orc wizard (D:7)
  2 adder zombies (Ossuary)
  An orc (D:7)
  A gnoll zombie (Ossuary)
  2 jackal zombies (Ossuary)
  An orc zombie (Ossuary)
60 creatures vanquished.

Vanquished Creatures (others)
  A howler monkey (D:8)
1 creature vanquished.

Grand Total: 316 creatures vanquished

Notes
Turn   | Place    | Note
-------+----------+-------------------------------------------
     0 | D:1      | RBrandon the Mountain Dwarf Fighter began the quest for the
                  | Orb.
     0 | D:1      | Reached XP level 1. HP: 19/19 MP: 1/1
   144 | D:1      | Reached XP level 2. HP: 26/26 MP: 2/2
   463 | D:1      | Reached XP level 3. HP: 33/33 MP: 3/3
   966 | D:2      | Found a faded altar of an unknown god.
   972 | D:2      | Got Plato's Exposition on Blasting
   973 | D:2      | Prayed at the altar of an unknown god.
   973 | D:2      | Became a worshipper of Makhleb the Destroyer
   973 | D:2      | Reached * piety under Makhleb
  1060 | D:2      | Reached XP level 4. HP: 40/40 MP: 4/4
  1495 | D:3      | Found an iron altar of Okawaru.
  1508 | D:3      | Reached skill level 1 in Spellcasting
  1569 | D:3      | Reached ** piety under Makhleb
  1739 | D:3      | Reached skill level 1 in Invocations
  1859 | D:3      | Reached skill level 2 in Invocations
  1859 | D:3      | Reached XP level 5. HP: 46/46 MP: 6/6
  1879 | D:3      | Reached skill level 3 in Invocations
  2570 | D:4      | Found Erghudui's Weapon Emporium.
  2629 | D:4      | Noticed an orc warrior
  2757 | D:5      | Entered Level 5 of the Dungeon
  2811 | D:5      | Noticed Dowan
  2812 | D:5      | Noticed Duvessa
  2859 | D:5      | Reached skill level 4 in Invocations
  2886 | D:5      | Noticed Pikel
  2889 | D:5      | Noticed a lemure
  2892 | D:5      | Noticed a lemure
  2892 | D:5      | Noticed a lemure
  2993 | D:5      | Noticed a phantom
  3007 | D:4      | Killed a phantom
  3008 | D:4      | Reached skill level 5 in Invocations
  3008 | D:4      | Reached XP level 6. HP: 40/52 MP: 8/10
  3123 | D:5      | Reached skill level 6 in Invocations
  3131 | D:5      | Found a staircase to the Ecumenical Temple.
  3183 | D:5      | Noticed a water moccasin
  3191 | D:5      | Killed a water moccasin
  3192 | D:5      | Reached skill level 7 in Invocations
  3192 | D:5      | Reached XP level 7. HP: 44/58 MP: 12/12
  3354 | D:5      | Noticed Ijyb
  3378 | D:5      | Killed Ijyb
  3464 | D:5      | Noticed Menkaure
  3474 | D:5      | Killed Menkaure
  3475 | D:5      | Reached skill level 8 in Invocations
  3556 | D:5      | Killed Duvessa
  3557 | D:5      | Reached skill level 9 in Invocations
  3740 | D:5      | Killed Dowan
  3805 | D:5      | Reached skill level 10 in Invocations
  3846 | D:5      | Killed Pikel
  3847 | D:5      | Reached skill level 12 in Invocations
  3847 | D:5      | Reached XP level 8. HP: 42/66 MP: 14/17
  4070 | D:5      | Found an ancient bone altar of Kikubaaqudgha.
  4191 | D:5      | Reached skill level 5 in Fighting
  4191 | D:5      | Reached skill level 5 in Armour
  4219 | D:5      | Reached *** piety under Makhleb
  4478 | D:6      | Found a shimmering altar of Xom.
  4540 | D:6      | Got the Meditations on Fascination
  4554 | D:6      | Found a blossoming altar of Fedhas.
  4637 | D:6      | Reached XP level 9. HP: 70/75 MP: 18/18
  4784 | D:6      | Found a sand-covered staircase.
  4926 | Ossuary  | Entered an ossuary
  5127 | Ossuary  | Reached **** piety under Makhleb
  5206 | D:6      | Found Suidog's Weapon Shop.
  5378 | D:6      | Found a glowing golden altar of the Shining One.
  5378 | D:6      | Found a white marble altar of Elyvilon.
  5379 | D:6      | Found a glowing silver altar of Zin.
  5748 | D:7      | Noticed Joseph
  5766 | D:7      | Killed Joseph
  5826 | D:7      | Found a shadowy altar of Dithmenos.
  6065 | D:7      | Found a basalt altar of Yredelemnul.
  6121 | D:8      | Found a staircase to the Lair.
  6153 | D:8      | Reached skill level 13 in Invocations
  6159 | D:8      | Reached XP level 10. HP: 55/88 MP: 19/19
  6919 | D:8      | Found a broken altar of Ashenzari.
  7132 | D:8      | Found a sparkling altar of Nemelex Xobeh.
  7299 | Lair:1   | Entered Level 1 of the Lair of Beasts
  7479 | Lair:1   | Noticed a cane toad
  7489 | Lair:1   | Killed a cane toad
  7490 | Lair:1   | Reached skill level 14 in Invocations
  7859 | Lair:1   | Noticed a cane toad
  7870 | Lair:1   | Killed a cane toad
  7871 | Lair:1   | Reached skill level 10 in Fighting
  8093 | Lair:1   | Noticed Sonja
  8102 | Lair:1   | Reached skill level 10 in Armour
  8102 | Lair:1   | Sonja changed into Sonja the wolf
  8102 | Lair:1   | Noticed Sonja
  8106 | Lair:1   | Killed Sonja the wolf
  8107 | Lair:1   | Reached XP level 11. HP: 62/99 MP: 21/21
  8423 | Lair:1   | Noticed Grum
  8432 | Lair:1   | Killed Grum
  8607 | Lair:2   | Reached skill level 15 in Invocations
  9521 | Lair:2   | Reached skill level 16 in Invocations
  9525 | Lair:2   | Learned a level 2 spell: Jinxbite
  9626 | Lair:2   | Reached skill level 1 in Hexes
 10066 | Lair:3   | Reached XP level 12. HP: 85/111 MP: 21/24
 10278 | Lair:3   | Reached skill level 5 in Hexes
 10460 | Lair:3   | Learned a level 2 spell: Blink
 10506 | Lair:3   | Found a frozen archway.
 10514 | Lair:3   | Reached skill level 1 in Translocations
 10610 | IceCv    | Entered an ice cave
 11315 | IceCv    | Found the +3 greatsling "Punk" {acid, rCorr}
 11329 | IceCv    | Identified the staff of Duty {^Fragile rElec Stlth+ Necro
                  | Air}
 11396 | Lair:3   | Found a staircase to the Shoals.
 11412 | Lair:3   | Reached skill level 1 in Ranged Weapons
 11619 | Lair:3   | Noticed Snorg
 11632 | Lair:3   | Killed Snorg
 12082 | Lair:3   | Noticed a boulder beetle
 12082 | Lair:3   | Noticed a boulder beetle
 12648 | Lair:3   | Found a hole to the Spider Nest.
 12821 | Lair:3   | Reached skill level 5 in Ranged Weapons
 13479 | Lair:4   | Reached XP level 13. HP: 79/117 MP: 25/25
 13953 | Lair:4   | HP: 2/117 [seven-headed hydra (12)]
 13953 | Lair:4   | Slain by a seven-headed hydra

Illustrated notes

Levels and vault maps discovered:
D:1:      elethiomel_arrival_fortress_basement, layout_loops_cross,
          roderic_lattice_a
D:2:      layout_rooms, shapermc_ecumenical_altar_rom_forum
D:3:      layout_loops_ring, okawaru_trees_2
D:4:      layout_loops_ring, serial_shops, nicolae_shop_gibbet_a_chance
D:5:      layout_basic, lemuel_mausoleum_altar_kikubaaqudgha,
          minmay_temple_entry_grid, nicolae_zen_rock_garden, uniq_ijyb,
          uniq_menkaure, uniq_duvessa, uniq_pikel
D:6:      layout_loops_ring, good_gods_temple_1, amcnicky_altar_gilded,
          nicolae_overflow_hidden_temple, fedhas_ov_isle_minmay,
          enter_ossuary_4, serial_shops, shop_statue
D:7:      layout_rooms, kennysheep_little_box, kennysheep_mini_moat, uniq_joseph
D:8:      layout_loops_ring, ashenzari_conservatory_becter,
          nemelex_diamond_rough_becter, erik_lair_island
Lair:1:   layout_roguey, uniq_sonja, uniq_grum
Lair:2:   layout_misc_corridors, nicolae_quartered_pool_super
Lair:3:   layout_misc_corridors, nicolae_shoals_entry_flooding,
          dummy_spider_entry, portal_ice_cave_demonic_guard,
          hellmonk_talismancer, uniq_snorg
Lair:4:   layout_loops_ring, nicolae_slime_entry_field_trip,
          serial_bayou_shore_b, grunt_megastairs_1, lemuel_fruit_tree,
          serial_bayou_shore_b

Skill      XL: |  1  2  3  4  5  6  7  8  9 10 11 12 |
---------------+-------------------------------------+-----
Axes           | 3 4 |  4.0
Spellcasting   | 1 |  1.2
Invocations    | 2 5 7 12 13 14 16 | 16.0
Fighting       | 5 8 10 11 | 11.7
Armour         | 5 8 10 11 | 11.5
Hexes          | 3 6 |  6.0
Translocations | 4 |  4.5
Ranged Weapons | 6 |  6.7
Shields        | |  3.3

Action                     |  1- 3 |  4- 6 |  7- 9 | 10-12 | 13-15 || total
---------------------------+-------+-------+-------+-------+-------++-------
  Melee: War axe           |    97 |   114 |   320 |   262 |       ||   793
         Unarmed           |       |       |    17 |       |       ||    17
   Fire: Greatsling        |       |       |       |    95 |    49 ||   144
   Cast: Jinxbite          |       |       |       |     3 |       ||     3
         Blink             |       |       |       |     1 |       ||     1
 Invoke: Minor Destruction |       |    76 |    90 |   109 |       ||   275
         Lesser Servant of |       |       |     2 |    21 |     3 ||    26
         Major Destruction |       |       |       |    27 |       ||    27
  Evoke: Wand              |       |       |       |    26 |       ||    26
    Use: Potion            |       |       |     2 |    10 |     1 ||    13
         Scroll            |       |       |    12 |     8 |       ||    20
   Stab: Distracted        |       |       |       |     1 |       ||     1
 Armour: Scale mail        |    67 |    98 |    33 |       |       ||   198
         Skin              |       |       |     9 |    14 |       ||    23
         Chain mail        |       |       |   273 |   598 |    62 ||   933
  Dodge: Dodged            |    45 |    60 |   131 |   184 |    27 ||   447
  Block: Buckler           |    26 |    30 |    73 |    86 |    10 ||   225

Table legend: (Time is in decaauts)
 A = Elapsed time spent in this place.
 B = Non-inter-level travel time spent in this place.
 C = Inter-level travel time spent in this place.
 D = Time resting spent in this place.
 E = Time spent auto-exploring this place.
 F = Levels seen in this place.
 G = Mean time per level.
                   A        B        C        D        E       F      G
               +--------+--------+--------+--------+--------+-----+--------+
         Total |  14310 |  13630 |    680 |   3589 |   6772 |  14 | 1022.1 |
       Dungeon |   7243 |   6931 |    312 |   1018 |   4230 |   8 |  905.4 |
          Lair |   6024 |   5657 |    367 |   2024 |   2509 |   4 | 1506.0 |
       Ossuary |    249 |    249 |      0 |     35 |     10 |   1 |  249.0 |
      Ice Cave |    793 |    793 |      0 |    512 |     23 |   1 |  793.0 |
               +--------+--------+--------+--------+--------+-----+--------+

Top non-repeatable levels by time:
  Lair:2: 1709 daAuts
  Lair:3: 1653 daAuts
  Lair:1: 1539 daAuts
     D:5: 1292 daAuts
     D:8: 1218 daAuts
  Lair:4: 1121 daAuts
     D:4: 1023 daAuts
     D:6: 980 daAuts
     D:1: 858 daAuts
   IceCv: 793 daAuts
     D:3: 786 daAuts
     D:2: 639 daAuts
     D:7: 443 daAuts
 Ossuary: 249 daAuts

Levels and vault maps discovered:
D:1:      elethiomel_arrival_fortress_basement, layout_loops_cross,
          roderic_lattice_a
D:2:      layout_rooms, shapermc_ecumenical_altar_rom_forum
D:3:      layout_loops_ring, okawaru_trees_2
D:4:      layout_loops_ring, serial_shops, nicolae_shop_gibbet_a_chance
D:5:      layout_basic, lemuel_mausoleum_altar_kikubaaqudgha,
          minmay_temple_entry_grid, nicolae_zen_rock_garden, uniq_ijyb,
          uniq_menkaure, uniq_duvessa, uniq_pikel
D:6:      layout_loops_ring, good_gods_temple_1, amcnicky_altar_gilded,
          nicolae_overflow_hidden_temple, fedhas_ov_isle_minmay,
          enter_ossuary_4, serial_shops, shop_statue
D:7:      layout_rooms, kennysheep_little_box, kennysheep_mini_moat, uniq_joseph
D:8:      layout_loops_ring, ashenzari_conservatory_becter,
          nemelex_diamond_rough_becter, erik_lair_island
Lair:1:   layout_roguey, uniq_sonja, uniq_grum
Lair:2:   layout_misc_corridors, nicolae_quartered_pool_super
Lair:3:   layout_misc_corridors, nicolae_shoals_entry_flooding,
          dummy_spider_entry, portal_ice_cave_demonic_guard,
          hellmonk_talismancer, uniq_snorg
Lair:4:   layout_loops_ring, nicolae_slime_entry_field_trip,
          serial_bayou_shore_b, grunt_megastairs_1, lemuel_fruit_tree,
          serial_bayou_shore_b

Table legend: (Time is in decaauts)
 A = Elapsed time spent in this place.
 B = Non-inter-level travel time spent in this place.
 C = Inter-level travel time spent in this place.
 D = Time resting spent in this place.
 E = Time spent auto-exploring this place.
 F = Levels seen in this place.
 G = Mean time per level.
                   A        B        C        D        E       F      G
               +--------+--------+--------+--------+--------+-----+--------+
         Total |  14310 |  13630 |    680 |   3589 |   6772 |  14 | 1022.1 |
       Dungeon |   7243 |   6931 |    312 |   1018 |   4230 |   8 |  905.4 |
          Lair |   6024 |   5657 |    367 |   2024 |   2509 |   4 | 1506.0 |
       Ossuary |    249 |    249 |      0 |     35 |     10 |   1 |  249.0 |
      Ice Cave |    793 |    793 |      0 |    512 |     23 |   1 |  793.0 |
               +--------+--------+--------+--------+--------+-----+--------+

Top non-repeatable levels by time:
  Lair:2: 1709 daAuts
  Lair:3: 1653 daAuts
  Lair:1: 1539 daAuts
     D:5: 1292 daAuts
     D:8: 1218 daAuts
  Lair:4: 1121 daAuts
     D:4: 1023 daAuts
     D:6: 980 daAuts
     D:1: 858 daAuts
   IceCv: 793 daAuts
     D:3: 786 daAuts
     D:2: 639 daAuts
     D:7: 443 daAuts
 Ossuary: 249 daAuts

Table legend:
 A = Kills in this place as a percentage of kills in the entire game.
 B = Kills by you in this place as a percentage of kills by you in the entire game.
 C = Kills by friends in this place as a percentage of kills by friends in the entire game.
 D = Other kills in this place as a percentage of other kills in the entire game.
 E = Experience gained in this place as a percentage of experience gained in the entire game.
 F = Experience gained in this place divided by the number of levels of this place that you have seen.
                   A       B       C       D       E      F
               +-------+-------+-------+-------+-------+----------------------
         Total | 100.0 | 100.0 | 100.0 | 100.0 | 100.0 | 2900.9
       Dungeon |  51.6 |  59.7 |  16.7 | 100.0 |  17.7 | 899.1
          Lair |  34.7 |  28.9 |  60.0 |   0.0 |  72.0 | 7313.5
       Ossuary |   9.6 |   7.5 |  18.3 |   0.0 |   1.6 | 646.0
      Ice Cave |   4.1 |   4.0 |   5.0 |   0.0 |   8.7 | 3520.0
               +-------+-------+-------+-------+-------+----------------------
